 Dungeon Sprint DCSS version 0.27.0-1-g7a089689b8 (webtiles) character file.

Game seed: 2167038425587923389

4700000 Groucho the Intangible (level 23, -49/153 HPs)
             Began as a Spriggan Abyssal Knight on Aug 6, 2021.
             Was the Champion of Makhleb.
             Annihilated by a sculptor of flesh (191 damage)
             ... in the Dungeon (Sprint VIII: "Arena of Blood").
             The game lasted 00:02:24 (47 turns).

Groucho the Intangible (Spriggan Abyssal Knight)      Turns: 47, Time: 00:02:24

Health: -49/153    AC:  4    Str:  8    XL:     23   Next: 53%
Magic:  23/55      EV: 45    Int: 16    God:    Makhleb [******]
Gold:   0          SH:  0    Dex: 22    Spells: 76/76 levels left

rFire    . . .     SeeInvis +   i - +∞ Axe of Woe
rCold    . . .     Faith    .   (shield currently unavailable)
rNeg     . . .     Spirit   .   b - +0 robe
rPois    .         Reflect  .   (helmet restricted)
rElec    .         Harm     .   (no cloak)
rCorr    .         Rampage  .   (gloves unavailable)
Will     ++++.     NoTele   +   (boots unavailable)
Stlth    ++........             (no amulet)
HPRegen  0.35/turn              (no ring)
MPRegen  0.34/turn              (no ring)

@: very quick
A: very small, no large weapons, unfitting armour, see invisible, speed 3
a: Renounce Religion, Minor Destruction, Lesser Servant of Makhleb, Major
Destruction, Greater Servant of Makhleb


You were in the Dungeon.
You worshipped Makhleb.
Makhleb was exalted by your worship.
You visited 1 branch

Inventory:

Hand Weapons
 a - a +1 hand axe
 i - the +∞ Axe of Woe (weapon)
   (You found it in the Dungeon)
Armour
 b - a +0 robe (worn)
Scrolls
 h - a scroll of blinking
Potions
 c - a potion of curing
 d - a potion of heal wounds
 e - a potion of haste
 f - 2 potions of magic
 g - a potion of berserk rage


   Skills:
 O Level 27 Fighting
 O Level 27 Short Blades
 O Level 27 Long Blades
 O Level 27 Axes
 + Level 15.7(22.1) Maces & Flails
 + Level 15.7(22.1) Polearms
 O Level 27 Armour
 O Level 27 Dodging
 O Level 27 Unarmed Combat
 O Level 27 Spellcasting
 O Level 27 Invocations


You had 76 spell levels left.
You didn't know any spells.
Your spell library was empty.

Dungeon Overview and Level Annotations

Branches:
Dungeon (1/1)

Altars:
Makhleb


Innate Abilities, Weirdness & Mutations

You are very small and have problems with some larger weapons.
You are too small for most types of armour.
You have supernaturally acute eyesight. (SInv)
You cover ground extremely quickly. (Speed+++)


Message History

You hear a shout! x5
You have mastered Long Blades!
You need to enable at least one skill for training.
Your base Maces & Flails skill gained 11 levels and is now at level 11!
Your base Polearms skill gained 11 levels and is now at level 11!
You have reached level 23!
The eight-headed meat hydra roars!
You slice the meat berserker!!
You fatally mangle the meat berserker.
You kill the meat berserker!
Makhleb accepts your kill.
You feel better.
You are engulfed in blazing flames.
You hear a shout! x4
A meat berserker comes into view. It is wielding a +9 battleaxe.
You hear a shout! x3
Your base Maces & Flails skill gained 4 levels and is now at level 15!
Your base Polearms skill gained 4 levels and is now at level 15!
Unknown command.
Press < or > to pray at altars.
Unknown command.
Press < or > to pray at altars.
You hear a shout! x3
A tyrant comes into view.
You hear a shout! x2
A sculptor of flesh comes into view. It is wielding a +9 great sword.
You hear a shout!
Items here: )) ==.
Unknown command. 2 orcs and an ogre come into view.
The bag of meat shouts! x2; The meat berserker shouts!
You hear a shout! x5
The tyrant mumbles some strange words.
The tyrant seems to speed up.
You hear a shout! x2
There is a staircase leading out of the dungeon here.
Things that are here:
a +9 giant spiked club; a +100 ring of slaying Unknown command.
You hear a shout! x8
The sculptor of flesh hits you with a +9 great sword!!!!!
Ouch! That really hurt!
You die...

...... oo O....
#. ....# #.O ...#
.. .###..
.D.###...
......###........
......_oo)......
#..o))# #_.@)○#
#..z)z#
......_§○...
......###......
.###.. ...###..
#.. ...# . #.
...# .. .....


You could see an eight-headed meat hydra, 2 sculptors of flesh, a meat berserker
(berserk) and 5 bags of meat.

Vanquished Creatures
  2 vampire knights (D)
  9 ogres (D)
  3 two-headed ogres (D)
  19 orcs (D)
  A skeletal warrior (D)
34 creatures vanquished.

Notes
Turn   | Place    | Note
-------+----------+-------------------------------------------
     0 | D        | Found the +∞ Axe of Woe
     0 | D        | Groucho the Spriggan Abyssal Knight began the quest for the
                  | Orb.
     0 | D        | Reached XP level 1. HP: 11/11 MP: 3/3
     2 | D        | Noticed a bag of meat
     2 | D        | Noticed a bag of meat
     4 | D        | Noticed a bag of meat
     4 | D        | Fell from the grace of Lugonu
     4 | D        | Became a worshipper of Makhleb the Destroyer
     5 | D        | Noticed a bag of meat
     5 | D        | Noticed a bag of meat
     8 | D        | Killed a bag of meat
     8 | D        | Noticed a bag of meat
     9 | D        | Reached XP level 2. HP: 16/16 MP: 4/4
     9 | D        | Reached XP level 3. HP: 19/19 MP: 5/5
     9 | D        | Reached XP level 4. HP: 23/23 MP: 6/6
     9 | D        | Reached XP level 5. HP: 27/27 MP: 7/7
     9 | D        | Reached XP level 6. HP: 32/32 MP: 8/8
     9 | D        | Reached XP level 7. HP: 35/35 MP: 9/9
     9 | D        | Reached XP level 8. HP: 39/39 MP: 10/10
     9 | D        | Reached XP level 9. HP: 43/43 MP: 11/11
     9 | D        | Reached XP level 10. HP: 47/47 MP: 12/12
     9 | D        | Reached XP level 11. HP: 51/51 MP: 13/13
     9 | D        | Killed a bag of meat
     9 | D        | Reached * piety under Makhleb
     9 | D        | Killed a bag of meat
     9 | D        | Noticed a meat berserker
    10 | D        | Reached skill level 27 in Dodging
    10 | D        | Reached XP level 12. HP: 56/56 MP: 14/14
    10 | D        | Reached XP level 13. HP: 59/59 MP: 15/15
    11 | D        | Killed a meat berserker
    12 | D        | Reached XP level 14. HP: 63/63 MP: 16/16
    13 | D        | Noticed a meat berserker
    13 | D        | Killed a bag of meat
    13 | D        | Reached ** piety under Makhleb
    13 | D        | Killed a bag of meat
    13 | D        | Noticed a bag of meat
    14 | D        | Reached skill level 27 in Axes
    14 | D        | Reached skill level 10 in Armour
    14 | D        | Reached XP level 15. HP: 62/84 MP: 17/17
    15 | D        | Killed a meat berserker
    15 | D        | Reached *** piety under Makhleb
    16 | D        | Reached XP level 16. HP: 100/100 MP: 18/18
    19 | D        | Noticed a meat berserker
    20 | D        | Noticed a large bag of meat
    20 | D        | Noticed a meat berserker
    22 | D        | Killed a large bag of meat
    22 | D        | Killed a meat berserker
    22 | D        | Reached **** piety under Makhleb
    23 | D        | Reached XP level 17. HP: 71/116 MP: 19/19
    23 | D        | Noticed a meat berserker
    23 | D        | Noticed a destroyer
    25 | D        | Noticed a meat berserker
    25 | D        | Killed a meat berserker
    26 | D        | Reached XP level 18. HP: 125/125 MP: 20/20
    27 | D        | Noticed a large bag of meat
    29 | D        | Reached skill level 27 in Fighting
    29 | D        | Killed a meat berserker
    29 | D        | Reached ***** piety under Makhleb
    29 | D        | Noticed a large bag of meat
    30 | D        | Reached skill level 27 in Armour
    30 | D        | Reached skill level 10 in Unarmed Combat
    30 | D        | Reached XP level 19. HP: 132/132 MP: 20/29
    30 | D        | Killed a meat berserker
    31 | D        | Killed a large bag of meat
    32 | D        | Reached XP level 20. HP: 87/137 MP: 20/36
    34 | D        | Killed a large bag of meat
    34 | D        | Reached ****** piety under Makhleb
    35 | D        | Reached skill level 27 in Unarmed Combat
    35 | D        | Reached skill level 27 in Invocations
    35 | D        | Reached skill level 10 in Short Blades
    35 | D        | Reached XP level 21. HP: 98/142 MP: 20/39
    35 | D        | Noticed a destroyer
    35 | D        | Noticed a destroyer
    36 | D        | Reached skill level 15 in Spellcasting
    39 | D        | Killed a destroyer
    40 | D        | Reached skill level 27 in Short Blades
    40 | D        | Reached skill level 27 in Spellcasting
    40 | D        | Reached skill level 5 in Long Blades
    40 | D        | Reached XP level 22. HP: 81/148 MP: 21/54
    43 | D        | Killed a destroyer
    44 | D        | Reached skill level 27 in Long Blades
    44 | D        | Reached XP level 23. HP: 139/153 MP: 22/55
    44 | D        | Noticed a tyrant
    45 | D        | Reached skill level 15 in Maces & Flails
    45 | D        | Reached skill level 15 in Polearms
    45 | D        | Noticed a tyrant
    47 | D        | Annihilated by a sculptor of flesh

Illustrated notes

Levels and vault maps discovered:
D:        meatsprint

Skill      XL: |  1  2  3  4  5  6  7  8  9 10 11 12 13 14 15 16 17 18 19 20 21 22 23 |
---------------+----------------------------------------------------------------------+-----
Axes           | 16 22 26 27 | 27.0
Dodging        | 24 27 | 27.0
Fighting       | 11 18 24 25 27 | 27.0
Armour         | 10 16 22 24 27 | 27.0
Unarmed Combat | 10 20 27 | 27.0
Invocations    | 12 23 27 | 27.0
Short Blades   | 10 27 | 27.0
Spellcasting   | 11 27 | 27.0
Long Blades    | 5 27 | 27.0
Maces & Flails | 11 15 | 15.7
Polearms       | 11 15 | 15.7

Action                   |  1- 3 |  4- 6 |  7- 9 | 10-12 | 13-15 | 16-18 | 19-21 | 22-24 || total
-------------------------+-------+-------+-------+-------+-------+-------+-------+-------++-------
Melee: Broad axe         |     1 |       |       |     1 |     4 |     5 |     9 |     5 ||    25
